 Dungeon Crawl Stone Soup version 0.31.0-11-ge490571c62 (webtiles) character file.

Game seed: 17051780235753059453

891 qw the Skirmisher (level 7, -4/35 HPs)
             Began as a Spriggan Hunter on Feb 3, 2024.
             Slain by Duvessa
             ... wielding a +0 short sword
              (6 damage)
             ... on level 5 of the Dungeon.
             The game lasted 00:00:20 (4385 turns).

qw the Skirmisher (Spriggan Hunter)                 Turns: 4385, Time: 00:00:21

Health: -4/35      AC:  2    Str: 13    XL:     7   Next: 78%
Magic:  8/8        EV: 22    Int: 11    God:
Gold:   292        SH:  0    Dex: 20    Spells: 6/6 levels left

rFire   . . .        a - +1 shortbow
rCold   . . .        (shield currently unavailable)
rNeg    . . .        c - +0 robe
rPois   .            (helmet restricted)
rElec   .            (no cloak)
rCorr   .            (gloves unavailable)
SInv    +            (boots unavailable)
Will    +....        m - amulet of the acrobat
Stlth   ++           d - +6 ring of strength
HPRegen 0.25/turn    (no ring)
MPRegen 0.11/turn

%: acrobat
@: very quick
A: very small, no large weapons, unfitting armour, see invisible, speed 3
a: no special abilities


You were on level 5 of the Dungeon.
You visited 2 branches of the dungeon, and saw 6 of its levels.

You collected 292 gold pieces.


Innate Abilities, Weirdness & Mutations

You are very small and have problems with some larger weapons.
You are too small for most types of armour.
You have supernaturally acute eyesight. (SInv)
You cover ground extremely quickly. (Speed+++)


   Skills:
 + Level 2.6 Fighting
 - Level 8.0 Ranged Weapons
 - Level 7.0 Dodging
 - Level 1.5 Stealth


You had 6 spell levels left.
You didn't know any spells.
Your spell library was empty.

Inventory:

Hand Weapons
 a - a +1 shortbow (weapon)
Armour
 c - a +0 robe (worn)
 g - a +0 cloak
Jewellery
 d - a +6 ring of strength (left hand)
 m - an amulet of the acrobat (around neck)
Wands
 n - a wand of mindburst (13)
Scrolls
 b - a scroll of identify
 k - a scroll of blinking {unknown}
Potions
 e - a potion of resistance {unknown}
 f - a potion of cancellation
 i - a potion of enlightenment
 j - a potion of invisibility {unknown}

Dungeon Overview and Level Annotations

Branches:
Dungeon (5/15)             Temple (1/1) D:4

Altars:
Ashenzari
Cheibriados
Dithmenos
Elyvilon
Fedhas
Gozag
Hepliaklqana
Kikubaaqudgha
Makhleb
Nemelex Xobeh
Qazlal
Sif Muna
Trog
Uskayaw
Vehumet
Wu Jian
Xom
Yredelemnul
Zin
The Shining One

Annotations:
D:4 1 runed translucent door, Crazy Yiuf
D:5 Dowan, Duvessa


Message History

Dowan casts a spell at you. The puff of flame misses you.
4375 ||| DRINKING potion of heal wounds.
You feel much better. Duvessa completely misses you.
Dowan gestures at you while chanting. You resist with almost no effort.
You shoot an arrow. The arrow hits Duvessa.
Duvessa is moderately wounded.
Duvessa hits you with a +0 short sword! Dowan completely misses you.
You shoot an arrow.
The arrow hits Duvessa but does no damage.
Duvessa is moderately wounded.
Duvessa barely misses you. Dowan barely misses you.
You shoot an arrow. The arrow closely misses Duvessa.
Duvessa barely misses you. Dowan completely misses you.
You shoot an arrow. The arrow closely misses Duvessa.
Duvessa barely misses you. Dowan gestures at you while chanting.
The puff of flame hits you!
You shoot an arrow. The arrow hits Duvessa.
Duvessa is heavily wounded.
Duvessa hits you with a +0 short sword. Dowan barely misses you.
You shoot an arrow. The arrow barely misses Duvessa.
Duvessa hits you with a +0 short sword! Dowan barely misses you.
You shoot an arrow. The arrow hits Duvessa!
Duvessa is heavily wounded.
Duvessa closely misses you. Dowan completely misses you.
You shoot an arrow. The arrow hits Duvessa.
Duvessa is severely wounded.
Duvessa closely misses you. Dowan hits you with a +0 dagger.
You shoot an arrow.
The arrow hits Duvessa but does no damage.
Duvessa is severely wounded.
Duvessa misses you. Dowan completely misses you.
The gnoll completely misses you.
You shoot an arrow. The arrow hits Duvessa!
Duvessa is almost dead.
Duvessa hits you with a +0 short sword.
You die... ..#..# .......[..... .#...# #.. .##.#.##...#..# #....## #e. .##.#.####....# ..##..# #ec

.##.#.## ##.#.# ..##..##### #..
.##%...###....# #.........#
#..###.##.<......#..#
.#...####.#
#..#...###...###...##
..#..####.###..#.#............##
...#...........e@g......#######
.)..#.....#######e.......
####### ##..#.#########
#.#######........
#)............# #.# #.######
#.~~~~~~~~~.#.###.# .# #...
#.~¤¤.....~.......# ##.# #.##
#.~¤~¤~~~.~.####.########..###.#
#.~¤¤¤....~.# #.#.).........#.#
..~.¤¤_.~.~.# #...###.#.###.#.#


You could see Duvessa, Dowan and a gnoll.

Vanquished Creatures
  A water moccasin (D:5)
  2 centaurs (D:5)
  A phantom (D:4)
  2 scorpions (D:5)
  2 jellies
  A gnoll bouda (D:5)
  3 orc wizards
  Natasha (D:4)
  3 adders
  8 gnolls (D:5)
  4 ufetubi
  3 ribbon worms
  A dart slug (D:4)
  16 orcs
  11 ball pythons
  5 endoplasms
  2 giant cockroaches
  12 goblins
  7 hobgoblins
  6 jackals
  4 quokkas
  6 bats
  3 frilled lizards
  10 kobolds
  7 rats
121 creatures vanquished.

Notes
Turn   | Place    | Note
-------+----------+-------------------------------------------
     0 | D:1      | qw the Spriggan Hunter began the quest for the Orb.
     0 | D:1      | Reached XP level 1. HP: 10/10 MP: 2/2
     0 | D:1      | 0 ||| qw: Version: 0.3-a-155-g5e7d8dd
     0 | D:1      | 0 ||| qw: Game counter: 3456
     0 | D:1      | 0 ||| qw: Melee chars always use a shield: true
     0 | D:1      | 0 ||| qw: God list: Okawaru
     0 | D:1      | 0 ||| qw: Allow faded altars: false
     0 | D:1      | 0 ||| qw: Do Orc after clearing Dungeon:15 true
     0 | D:1      | 0 ||| qw: Do second Lair branch before Depths: true
     0 | D:1      | 0 ||| qw: Lair rune preference: random
     0 | D:1      | 0 ||| qw: Goals: Normal
     0 | D:1      | 0 ||| PLANNING D:1-11
    25 | D:1      | Reached skill level 3 in Dodging
   183 | D:1      | Reached XP level 2. HP: 14/14 MP: 3/3
   890 | D:1      | 890 ||| READING 3 scrolls labelled KYROUJ TUONN.
   890 | D:1      | 890 ||| IDENTIFYING smoky brown potion
   891 | D:1      | 891 ||| READING 2 scrolls of identify.
   891 | D:1      | 891 ||| IDENTIFYING golden potion
   892 | D:1      | 892 ||| READING scroll of identify.
   892 | D:1      | 892 ||| IDENTIFYING purple potion
   893 | D:1      | 893 ||| READING scroll labelled BUSTUFO SEGECO.
   894 | D:1      | 894 ||| READING 2 scrolls labelled AFYIGR HEUROO.
   897 | D:1      | 897 ||| DRINKING 3 bubbling grey potions.
   898 | D:1      | 898 ||| DROPPING scroll of butterflies.
   899 | D:1      | 899 ||| DROPPING 2 potions of magic.
   900 | D:1      | 900 ||| DROPPING potion of ambrosia.
   942 | D:2      | Reached XP level 3. HP: 13/18 MP: 4/4
  1354 | D:2      | Reached skill level 5 in Ranged Weapons
  1599 | D:2      | Reached XP level 4. HP: 22/22 MP: 5/5
  1769 | D:2      | 1769 ||| UPGRADING to +6 ring of strength.
  1770 | D:2      | 1770 ||| DRINKING 2 fuming pink potions.
  1771 | D:2      | 1771 ||| DROPPING potion of degeneration.
  1786 | D:3      | 1786 ||| STAIRDANCE
  1793 | D:3      | 1793 ||| STAIRDANCE
  1804 | D:2      | HP: 5/22 [orc/+0 war axe (8)]
  1805 | D:2      | 1805 ||| READING 2 scrolls of teleportation.
  1806 | D:2      | 1806 ||| DRINKING 2 potions of heal wounds.
  2080 | D:3      | Noticed a +0 dagger
  2081 | D:3      | Found a hide-covered altar of Uskayaw.
  2081 | D:3      | Noticed a +0 hand axe
  2173 | D:3      | Found a faded altar of an unknown god.
  2312 | D:3      | 2312 ||| UPGRADING to amulet of the acrobat.
  2317 | D:3      | 2317 ||| READING scroll labelled AMUOPH XASYGG.
  2318 | D:3      | 2318 ||| READING scroll labelled TICHAW LEEST.
  2319 | D:3      | 2319 ||| DRINKING 3 coppery potions.
  2333 | D:3      | Reached XP level 5. HP: 24/26 MP: 6/6
  2577 | D:4      | Found a staircase to the Ecumenical Temple.
  2578 | D:4      | 2578 ||| PLANNING TEMPLE
  2578 | D:4      | 2578 ||| READING scroll labelled XIUXOZ EVE.
  2579 | D:4      | 2579 ||| DRINKING 2 cyan potions.
  2591 | Temple   | Entered the Ecumenical Temple
  2592 | Temple   | 2592 ||| PLANNING D:1-11
  3015 | D:4      | Noticed a phantom
  3020 | D:4      | 3020 ||| DRINKING 2 potions of haste.
  3030 | D:4      | Killed a phantom
  3031 | D:4      | Reached skill level 6 in Ranged Weapons
  3031 | D:4      | Reached XP level 6. HP: 18/30 MP: 7/7
  3208 | D:4      | Noticed Natasha
  3212 | D:4      | Killed Natasha
  3404 | D:4      | Found a runed translucent door.
  3405 | D:4      | Noticed Crazy Yiuf
  3478 | D:4      | 3478 ||| READING scroll labelled ZIKHLUGR BEZE.
  3479 | D:4      | 3479 ||| READING scroll labelled ERHUMMIGUF.
  3479 | D:4      | 3479 ||| ENCHANTING +0 shortbow.
  3512 | D:5      | Entered Level 5 of the Dungeon
  3514 | D:5      | 3514 ||| STAIRDANCE
  3566 | D:5      | Reached skill level 6 in Dodging
  3670 | D:5      | Noticed a water moccasin
  3671 | D:5      | 3671 ||| DRINKING potion of haste.
  3679 | D:5      | Killed a water moccasin
  3680 | D:5      | Reached skill level 7 in Ranged Weapons
  3680 | D:5      | Reached XP level 7. HP: 35/35 MP: 8/8
  3749 | D:5      | 3749 ||| RETREEEEATING.
  3766 | D:5      | HP: 5/35 [gnoll/+0 flail (7)]
  3767 | D:5      | 3767 ||| READING scroll of teleportation.
  3768 | D:5      | 3768 ||| DRINKING 2 potions of heal wounds.
  3769 | D:5      | Found a white marble altar of Elyvilon.
  4175 | D:5      | Found a hazy altar of Hepliaklqana.
  4181 | D:5      | Reached skill level 8 in Ranged Weapons
  4243 | D:5      | Found a glowing golden altar of the Shining One.
  4362 | D:5      | Noticed Duvessa
  4362 | D:5      | Noticed Dowan
  4363 | D:5      | 4363 ||| FLEEEEING.
  4374 | D:5      | HP: 6/35 [Duvessa/+0 short sword (7)]
  4375 | D:5      | 4375 ||| DRINKING potion of heal wounds.
  4381 | D:5      | HP: 7/35 [Duvessa/+0 short sword (7)]
  4383 | D:5      | HP: 1/35 [Dowan/+0 dagger (6)]
  4385 | D:5      | Slain by Duvessa

Levels and vault maps discovered:
D:1:      erik_arrival_cave_to_civilisation [erik_arrival_cave_to_hall],
          layout_basic
D:2:      minmay_skewed_foursquare, layout_basic, minmay_vboxes
D:3:      layout_rooms, dancing_weapons_uskayaw, shapermc_ecumenical_altar_gd
D:4:      layout_loops_corners, minmay_temple_entry_statues_pillars,
          uniq_natasha, uniq_crazy_yiuf_cottage
D:5:      layout_loops_ring, tso_altar,
          mainiacjoe_overflow_concentric_impassable, old_standard_altar,
          minivault_26, nicolae_shop_fire_sale [nicolae_sub_dead_trees],
          minmay_misc_feat_cross, uniq_duvessa
Temple:   regret_index_temple_sphere_string

Skill      XL: |  1  2  3  4  5  6  7 |
---------------+----------------------+-----
Dodging        | 3 4 5 6 7 |  7.0
Ranged Weapons | 5 6 7 8 |  8.0
Fighting       | 2 |  2.6
Stealth        | |  1.5

Action                     |  1- 3 |  4- 6 |  7- 9 || total
---------------------------+-------+-------+-------++-------
   Fire: Shortbow          |   119 |   224 |   113 ||   456
    Use: Scroll            |     5 |     6 |     1 ||    12
         Potion            |     1 |     6 |     2 ||     9
 Armour: Robe              |    14 |    35 |    26 ||    75
  Dodge: Dodged            |    41 |   143 |    70 ||   254

Table legend:
 A = Non-vault XP
 B = Vault XP
 C = Vault XP percentage of total XP
 D = Non-vault monster count
 E = Vault monster count
 F = Vault count percentage of total count
                 A         B        C        D         E       F
            +---------+---------+-------+---------+---------+-------
      Total |    1208 |      66 |   5.2 |     110 |      11 |   9.1
            +---------+---------+-------+---------+---------+-------
        D:1 |      34 |       0 |   0.0 |      20 |       0 |   0.0
        D:2 |      80 |      31 |  27.9 |      25 |      10 |  28.6
        D:3 |      66 |       0 |   0.0 |      18 |       0 |   0.0
        D:4 |     269 |      35 |  11.5 |      26 |       1 |   3.7
        D:5 |     759 |       0 |   0.0 |      21 |       0 |   0.0
            +---------+---------+-------+---------+---------+-------
